 Dungeon Crawl Stone Soup version 0.18-a0-1782-gb76a692 (webtiles) character file.

1205 namelastname112 the Conjurer (level 8, 25/57 HPs)
             Began as a Purple Draconian Conjurer on Apr 17, 2016.
             Was an Initiate of Ashenzari.
             Quit the game on level 6 of the Dungeon.
             The game lasted 00:08:01 (6484 turns).

namelastname112 the Conjurer (DrCj)                 Turns: 6484, Time: 00:08:02

Health: 25/57      AC:  8    Str: 11    XL:     8   Next: 21%
Magic:  2/18       EV: 12    Int: 17    God:    Ashenzari [......]
Gold:   239        SH:  0    Dex: 12    Spells: 3 memorised, 13 levels left

rFire  . . .     SeeInvis .     r - staff of air
rCold  . . .     Gourm    .     (armour unavailable)
rNeg   . . .     Faith    .     (no shield)
rPois  .         Spirit   .     (helmet restricted)
rElec  +         Dismiss  .     (no cloak)
rCorr  .         Reflect  .     k - +1 pair of gloves
SustAt .         Harm     .     (no boots)
MR     +....                    (no amulet)
Stlth  +.........               (no ring)
                                o - ring of loudness (curse)

@: short of breath, very slightly contaminated, somewhat resistant to hostile
enchantments, very unstealthy
A: breathe power, unfitting armour, cold-blooded, AC +6
a: Breathe Dispelling Energy, Curse Item, Renounce Religion


You were on level 6 of the Dungeon.
You worshipped Ashenzari.
Ashenzari was noncommittal.
You were hungry.

You visited 2 branches of the dungeon, and saw 7 of its levels.
You also visited: Sewer.

You collected 349 gold pieces.
You spent 110 gold pieces at shops.

Inventory:

Armour
 k - a +1 pair of gloves (worn)
Magical Staves
 r - an uncursed staff of air (weapon)
Jewellery
 o - a cursed ring of loudness (left hand)
Wands
 l - a wand of confusion (31/48)
 n - a wand of polymorph (22/24)
 q - a wand of confusion (22/48)
Scrolls
 e - 2 scrolls of immolation {unknown}
 m - 4 scrolls of identify
 u - 3 scrolls of teleportation {unknown}
 x - 5 scrolls of remove curse
 y - a scroll of random uselessness {unknown}
Potions
 c - 2 potions of cancellation
 g - a potion of mutation {unknown}
 h - 2 potions of lignification {unknown}
 j - 2 potions of invisibility {unknown}
 p - a potion of degeneration {unknown}
 s - a potion of berserk rage {unknown}
 v - a potion of might {unknown}
 w - a potion of curing {unknown}
 z - 2 potions of heal wounds
 A - a potion of beneficial mutation {unknown}
Books
 a - a book of Conjurations

   Spells                             Type                      Level
   a - Magic Dart                     Conjuration                  1
   b - Searing Ray                    Conjuration                  2
   c - Dazzling Spray                 Conjuration/Hexes            3
   d - Fulminant Prism                Conjuration/Hexes            4
   e - Iskenderun's Mystic Blast      Conjuration                  4
   f - Iskenderun's Battlesphere      Conjuration/Charms           5
Miscellaneous
 t - a lamp of fire
Comestibles
 b - 5 bread rations
 d - 3 meat rations
 f - a slice of pizza
 i - 8 fruits
 B - a chunk of flesh


   Skills:
 - Level 1.7 Dodging
 - Level 1.7 Stealth
 + Level 7.1 Spellcasting
 + Level 7.2 Conjurations
 + Level 5.0 Charms


You had 13 spell levels left.
You knew the following spells:

 Your Spells              Type           Power        Failure   Level  Hunger
a - Iskenderun's Battles  Conj/Chrm      ####....     30%         5    #####..
x - Searing Ray           Conj           ####..       1%          2    None
z - Magic Dart            Conj           ####         1%          1    None


Dungeon Overview and Level Annotations

Branches:
Dungeon (6/15)             Temple (1/1) D:5

Altars:
Ashenzari
Cheibriados
Dithmenos
Elyvilon
Gozag
Kikubaaqudgha
Makhleb
Nemelex Xobeh
Okawaru
Pakellas
Qazlal
Ru
Xom

Shops:
D:4 !

Annotations:
D:6 nubinia's ghost, novice VSAE


Innate Abilities, Weirdness & Mutations

You can breathe bolts of dispelling energy.
Your rich purple scales are hard (AC +6).
Your body does not fit into most forms of armour.
You are cold-blooded and may be slowed by cold attacks.


Message History

The barrage of energy hits the orc warrior.
The orc warrior is heavily wounded.
Your battlesphere expends the last of its energy and dissipates.
You now have 0/18 mp.
Nubinia's ghost keens inconsolably.
The orc wizard gestures at you while chanting.
The puff of flame hits you!
You take 12 damage, and have 43/57 hp.
MASSIVE DAMAGE!!
Press: ? - help, Shift-Dir - straight line, f/p - orc warrior
Aim: an orc warrior, wielding a dire flail and wearing a chain mail (heavily wounded)
You breathe a bolt of dispelling energy.
The bolt of dispelling energy hits the orc warrior.
The orc warrior is severely wounded.
The bolt of dispelling energy misses the quokka.
The bolt of dispelling energy misses the orc wizard.
You are feeling hungry.
The orc warrior hits you with a dire flail!!
You take 20 damage, and have 24/57 hp.
MASSIVE DAMAGE!!
The quokka bites you but does no damage.
Are you sure you want to abandon this character and quit the game? (Confirm with "yes".)

#.........##########
##.....[............###
#.....................#
##.....................##
##.....##......######....#
##.....###.....## #§...###
##......##.......######......#
####.>...........r.o..#.......(..
#........†......@oW..............
..................o..........#..)
..........<................####..
................##........## #.
...........................# .
...........................# .
......................#.....# .
..<..................####....
....#####....#####...# #..


You could see an orc warrior, an orc wizard, nubinia's ghost, an orc and a
quokka.

Vanquished Creatures
  Sigmund (D:3)
  Edmund (D:5)
  A water moccasin (D:5)
  Purgy (Sewer)
  A phantom (D:5)
  An ogre (D:5)
  A crimson imp (D:5)
  A centaur zombie (D:5)
  A hound (D:5)
  An orc priest (D:5)
  An iguana (D:6)
  3 orc wizards (D:5)
  3 worker ants
  A hound skeleton (D:5)
  3 gnolls (D:3)
  11 adders
  A river rat (D:4)
  A shadow imp (D:5)
  An ooze (D:4)
  An adder skeleton (D:5)
  2 worms
  A dart slug (D:1)
  2 giant geckos
  11 orcs
  9 bats
  6 giant cockroaches
  4 goblins
  7 hobgoblins
  4 jackals
  2 quokkas (D:2)
  A ball python (D:1)
  3 giant newts
  6 kobolds
  6 rats
100 creatures vanquished.

Vanquished Creatures (others)
  A human (D:3)
1 creature vanquished.

Grand Total: 101 creatures vanquished

Notes
Turn   | Place    | Note
--------------------------------------------------------------
     0 | D:1      | namelastname112 the Draconian Conjurer began the quest for the Orb.
     0 | D:1      | Reached XP level 1. HP: 14/14 MP: 3/3
   175 | D:1      | Reached XP level 2. HP: 20/20 MP: 1/5
   204 | D:1      | Learned a level 2 spell: Searing Ray
   781 | D:1      | Reached XP level 3. HP: 26/26 MP: 1/7
  1651 | D:2      | Reached XP level 4. HP: 25/33 MP: 4/8
  2221 | D:3      | Reached skill level 5 in Conjurations
  2464 | D:3      | Found an ancient bone altar of Kikubaaqudgha.
  2465 | D:3      | Noticed a human
  2468 | D:3      | Killed a human
  2606 | D:3      | Found a faded altar to an unknown god.
  2617 | D:3      | Reached XP level 5. HP: 38/38 MP: 7/10
  2624 | D:3      | Learned a level 5 spell: Iskenderun's Battlesphere
  2751 | D:3      | Noticed Sigmund
  2901 | D:3      | Killed Sigmund
  2901 | D:3      | Reached skill level 1 in Charms
  2901 | D:3      | Reached XP level 6. HP: 45/45 MP: 1/12
  3551 | D:4      | Found a glowing drain.
  3566 | Sewer    | Entered a sewer
  3682 | Sewer    | Noticed Purgy
  3691 | Sewer    | Killed Purgy
  4328 | D:4      | Found Wiziti's Distillery.
  4336 | D:4      | Bought a potion of heal wounds for 55 gold pieces
  4336 | D:4      | Bought a potion of heal wounds for 55 gold pieces
  4487 | D:5      | Entered Level 5 of the Dungeon
  4537 | D:5      | Your scales start taking on a rich purple colour.
  4537 | D:5      | Reached skill level 5 in Spellcasting
  4537 | D:5      | Reached XP level 7. HP: 50/50 MP: 5/15
  5089 | D:5      | Found a staircase to the Ecumenical Temple.
  5103 | Temple   | Entered the Ecumenical Temple
  5141 | Temple   | Became a worshipper of Ashenzari the Shackled
  5847 | D:5      | Noticed Edmund
  5917 | D:5      | Killed Edmund
  5917 | D:5      | Reached XP level 8. HP: 19/57 MP: 3/18
  6267 | D:5      | Found a sparkling altar of Nemelex Xobeh.
  6274 | D:5      | Found an ancient bone altar of Kikubaaqudgha.
  6281 | D:5      | Found an opulent altar of Gozag.
  6286 | D:5      | Found a burning altar of Makhleb.
  6293 | D:5      | Found a shadowy altar of Dithmenos.
  6298 | D:5      | Found a shimmering altar of Xom.
  6309 | D:5      | Found a stormy altar of Qazlal.
  6381 | D:6      | Reached skill level 5 in Charms
  6468 | D:6      | Noticed nubinia's ghost (novice VSAE)
  6484 | D:6      | Quit the game

Vault maps used:
D:1:      dpeg_arrival_tiny_a
D:3:      ecumenical_altar_2, tgw_kikubaaqudgha, uniq_sigmund
D:4:      first_bread, portal_sewer_entry_a, serial_park, serial_park_gazebo,
          serial_shops, shop
D:5:      grunt_temple_overflow_octagram, kennysheep_potato, uniq_edmund
D:6:      lemuel_round_altar
Temple:   bh_familiar_temple
Sewer:    sewer_big_baddie

Skill      XL: |  1  2  3  4  5  6  7  8 |
---------------+-------------------------+-----
Spellcasting   | 3 4 5 6 7 |  7.1
Conjurations   | 5 6 7 |  7.2
Charms         | 1 3 4 5 |  5.0
Dodging        | |  1.7
Stealth        | |  1.7

Action                   |  1- 3 |  4- 6 |  7- 9 || total
-------------------------+-------+-------+-------++-------
Melee: Short sword       |    43 |     3 |       ||    46
       Unarmed           |     3 |       |       ||     3
       Tailslap          |     9 |     3 |     1 ||    13
       Staff             |       |    25 |    10 ||    35
 Cast: Magic Dart        |    41 |    49 |    63 ||   153
       Searing Ray       |     5 |    17 |    18 ||    40
       Iskenderun's Batt |       |       |     1 ||     1
 Abil: Breathe Dispellin |       |       |     4 ||     4
  Use: Scroll            |       |     5 |       ||     5
  Eat: Chunk             |     2 |     9 |     3 ||    14
       Meat ration       |       |       |     1 ||     1
Armor: Skin              |    12 |    58 |    21 ||    91
Dodge: Dodged            |    40 |    97 |    24 ||   161
